 Dungeon Crawl Stone Soup version 0.31-a0-986-g5e6e4ef867 (webtiles) character file.

Game seed: 1307631669708915316

51 ratware the Chopper (level 3, 0/17 (30) HPs)
             Began as a Hill Orc Reaver on Nov 21, 2023.
             Slain by a kobold
             ... wielding a +2 short sword of venom
              (2 damage)
             ... on level 2 of the Dungeon.
             The game lasted 00:24:17 (1232 turns).

ratware the Chopper (Hill Orc Reaver)               Turns: 1232, Time: 00:24:17

HP:   0/17 (30)     AC:  5    Str: 14    XL:     3   Next: 83%
MP:   5/5           EV: 11    Int: 13    God:
Gold: 53            SH:  0    Dex: 11    Spells: 4/5 levels left

rFire   . . .        a - +0 hand axe
rCold   . . .        (no shield)
rNeg    . . .        g - +0 ring mail
rPois   .            (no helmet)
rElec   .            (no cloak)
rCorr   .            (no gloves)
SInv    .            (no boots)
Will    .....        (no amulet)
Stlth   +            (no ring)
HPRegen 0.22/turn    (no ring)
MPRegen 0.09/turn

%: no passive effects
@: lethally poisoned (0 -> -2), very heavily drained
A: no striking features
a: no special abilities


You were on level 2 of the Dungeon.
You visited 1 branch of the dungeon, and saw 2 of its levels.

You collected 53 gold pieces.

Inventory:

Hand Weapons
 a - a +0 hand axe (weapon)
 d - a +0 dagger
 e - a +0 spear
Missiles
 c - 2 poisoned darts
Armour
 b - a +0 leather armour
 g - a +0 ring mail (worn)
 i - a +0 leather armour
Potions
 f - a potion of curing {unknown}
 h - 2 potions of enlightenment {unknown}


   Skills:
 + Level 2.6 Fighting
 + Level 4.7 Axes
 + Level 2.2 Dodging
 + Level 1.9 Spellcasting
 + Level 3.3 Conjurations


You had 4 spell levels left.
You knew the following spells:

 Your Spells              Type           Power      Damage    Failure   Level
a - Kiss of Death         Conj/Necr      20%        2d7       26%         1

Your spell library contained the following spells:

 Spells                   Type           Power      Damage    Failure   Level
 Momentum Strike          Conj/Tloc      10%        3d8       38%         2
 Hailstorm                Conj/Ice       5%         3d4       63%         3


Dungeon Overview and Level Annotations

Branches:
Dungeon (2/15)

Altars:

Shops:
D:2 !


Message History

An endoplasm comes into view.
The endoplasm quivers.
An endoplasm is nearby!
The endoplasm hits you.
You hit the endoplasm.
The endoplasm is severely wounded.
The endoplasm freezes you.
You are frozen.
You hit the endoplasm.
You kill the endoplasm!
A kobold comes into view.
It is wielding a +2 short sword of venom.
The kobold shouts!
The kobold moves out of view.
A kobold is nearby!
The kobold unwields a +2 short sword of venom.
It stops dripping with poison.
The kobold wields a +0 sling.
The kobold shoots a sling bullet.
The sling bullet hits you but does no damage.
The kobold shoots a sling bullet.
The sling bullet hits you.
The kobold unwields a +0 sling.
The kobold wields a +2 short sword of venom.
It begins to drip with poison!
The kobold barely misses you. The kobold hits you but does no damage.
You closely miss the kobold. The kobold hits you but does no damage.
You are poisoned.
You hit the kobold but do no damage.
You feel very sick. The kobold closely misses you.
You completely miss the kobold.
You feel very sick.
The kobold hits you with a +2 short sword of venom.
You hit the kobold but do no damage.
You feel sick. The kobold barely misses you.
You hit the kobold but do no damage.
You feel sick.
The kobold hits you with a +2 short sword of venom.
* * * LOW HITPOINT WARNING * * *
* * * LOW HITPOINT WARNING * * *
You feel sick.
The kobold hits you with a +2 short sword of venom.
You die...

##.###..###.#~...~~~#.###
##...#.#####~~#~.~~~##~#
....#.......#.##'''##..#
..#####.###.#~~~~~~~..##
..#.....# #.#####....##
..#.##### #.# #.####
..#.# #.# #.# ..#.#
#####.#####.# ###.#
#.........@.#
....###.##..#####K#
#####.......#.....#
###.###.#.##### #.# #.#.#
#.# #.#.# #.###.#.....#
#.##..#####.. #.##.#####


You could see a kobold.

Vanquished Creatures
  A gnoll (D:2)
  2 adders (D:2)
  A worm (D:2)
  2 bats (D:2)
  4 endoplasms (D:2)
  2 hobgoblins (D:2)
  3 kobolds (D:2)
  A quokka (D:2)
  A ball python (D:2)
  4 rats (D:2)
  A spectral goblin (D:2)
22 creatures vanquished.

Notes
Turn   | Place    | Note
-------+----------+-------------------------------------------
     0 | D:1      | ratware the Hill Orc Reaver began the quest for the Orb.
     0 | D:1      | Reached XP level 1. HP: 18/18 MP: 3/3
     9 | D:2      | Found a faded altar of an unknown god.
    99 | D:2      | Reached XP level 2. HP: 17/21 MP: 1/4
   184 | D:2      | Reached XP level 3. HP: 22/24 MP: 2/5
   347 | D:2      | Found Jipluum's Distillery.
  1232 | D:2      | Slain by a kobold

Illustrated notes

Levels and vault maps discovered:
D:1:      saegor_arrival_simple_d, layout_basic
D:2:      minmay_evil_eye, layout_loops_ring,
          dreamdust_ecumenical_altar_drowned_temple, serial_co_window_serial,
          co_window_paths_b, co_window_paths_a, co_window_of_opportunity_a,
          co_window_paths_a, co_window_paths_a, co_window_broadway_a,
          co_window_corner_b, co_window_of_opportunity_c, co_window_4corner_b,
          glass_columns_a, glass_columns_c, glass_columns_a, glass_columns_a,
          serial_shops, nicolae_diamond_shop

Skill      XL: |  1  2 |
---------------+-------+-----
Dodging        | 2 |  2.2
Fighting       | |  2.6
Axes           | |  4.7
Spellcasting   | |  1.9
Conjurations   | |  3.3

Action                     || total
---------------------------++-------
  Melee: Hand axe          ||    80
   Cast: Kiss of Death     ||     5
 Armour: Leather armour    ||    23
         Ring mail         ||    23
  Dodge: Dodged            ||    52

Table legend: (Time is in decaauts)
 A = Elapsed time spent in this place.
 B = Non-inter-level travel time spent in this place.
 C = Inter-level travel time spent in this place.
 D = Time resting spent in this place.
 E = Time spent auto-exploring this place.
 F = Levels seen in this place.
 G = Mean time per level.
                   A        B        C        D        E       F      G
               +--------+--------+--------+--------+--------+-----+--------+
         Total |   1253 |   1155 |     98 |    269 |    181 |   2 |  626.5 |
       Dungeon |   1253 |   1155 |     98 |    269 |    181 |   2 |  626.5 |
               +--------+--------+--------+--------+--------+-----+--------+

Top non-repeatable levels by time:
     D:2: 1244 daAuts
     D:1: 9 daAuts
